 Dungeon Crawl Stone Soup version 0.24-a0-106-gcea5463b43 (webtiles) character file.

Game seed: 12077343970619793484

3961 MrRokkomies the Destroyer (level 10, -1/55 (56) HPs)
             Began as a Deep Elf Fire Elementalist on Feb 10, 2019.
             Was a Follower of Vehumet.
             Killed from afar by a manticore (9 damage)
             ... with a volley of spikes
             ... on level 7 of the Dungeon on Feb 13, 2019.
             The game lasted 00:30:07 (8715 turns).

MrRokkomies the Destroyer (DEFE)                    Turns: 8715, Time: 00:30:08

HP:   -1/55 (56)    AC:  8    Str:  5    XL:     10   Next: 2%
MP:   22/48         EV: 17    Int: 24    God:    Vehumet [*.....]
Gold: 328           SH:  3    Dex: 15    Spells: 7/25 levels left

rFire    . . .     SeeInvis .   C - staff of power
rCold    . . .     Gourm    .   (no shield)
rNeg     . . .     Faith    .   y - +0 robe
rPois    .         Spirit   .   (no helmet)
rElec    .         Reflect  +   x - +1 cloak
rCorr    .         Harm     .   b - +0 pair of gloves
MR       +....                  (no boots)
Stlth    ++........             h - +3 amulet of reflection
HPRegen  0.18/turn              p - ring of magical power
MPRegen  0.31/turn              u - +3 ring of protection

@: barbed spikes, very slightly contaminated
A: no striking features
a: Renounce Religion


You were on level 7 of the Dungeon.
You worshipped Vehumet.
Vehumet was aware of your devotion.
You were not hungry.

You visited 2 branches of the dungeon, and saw 8 of its levels.

You collected 328 gold pieces.

Inventory:

Hand Weapons
 a - a +5 rapier of draining
 s - the +3 morningstar "Blob" {speed, rElec Stlth+}
   (You found it on level 6 of the Dungeon)

   Attacks with this weapon are significantly faster.
   It insulates you from electricity.
   It makes you more stealthy.
Missiles
 d - 8 curare-tipped needles
 o - a throwing net (quivered)
Armour
 b - a +0 pair of gloves (worn)
 x - a +1 cloak (worn)
 y - a +0 robe (worn)
Magical Staves
 C - an uncursed staff of power (weapon)
Jewellery
 e - an uncursed ring of wizardry
 h - a +3 amulet of reflection (around neck)
 j - an uncursed ring of ice
 p - a ring of magical power (left hand)
 u - a +3 ring of protection (right hand)
Wands
 r - a wand of enslavement (3)
Scrolls
 f - 5 scrolls of teleportation
 q - 4 scrolls of remove curse
 t - a scroll of enchant armour
 A - a scroll of magic mapping
 B - a scroll of identify
Potions
 i - 2 potions of cancellation
 k - 2 potions of magic
 l - 3 potions of haste
 m - a potion of invisibility
 n - 2 potions of curing
 v - 2 potions of degeneration {unknown}
Comestibles
 c - 14 rations


   Skills:
 - Level 3.0 Fighting
 - Level 8.0 Dodging
 - Level 2.4 Stealth
 - Level 8.0 Spellcasting
 * Level 9.3 Conjurations
 * Level 8.4 Fire Magic


You had 7 spell levels left.
You knew the following spells:

 Your Spells              Type           Power        Failure   Level  Hunger
a - Flame Tongue          Conj/Fire      #####        1%          1    None
b - Conjure Flame         Conj/Fire      ######..     1%          3    None
c - Throw Flame           Conj/Fire      ######       1%          2    None
d - Inner Flame           Hex/Fire       ####....     3%          3    None
e - Sticky Flame          Conj/Fire      ######..     1%          4    ##.....
f - Fireball              Conj/Fire      ######....   4%          5    #####..

Your spell library contained the following spells:

 Spells                   Type           Power        Failure   Level  Hunger
 Freeze                   Ice            #...         6%          1    None


Dungeon Overview and Level Annotations

Branches:
Dungeon (7/15)             Temple (1/1) D:4

Altars:
Cheibriados
Elyvilon
Fedhas
Gozag
Hepliaklqana
Kikubaaqudgha
Makhleb
Nemelex Xobeh
Qazlal
Ru
Sif Muna
Trog
Uskayaw
Vehumet
Wu Jian
Xom
Zin
The Shining One

Annotations:
D:4 2 transporters
D:7 2 transporters


Message History

The puff of flame hits the manticore!
The manticore is severely wounded.
The manticore burns!
The manticore barely misses you. The manticore claws you!
* * * LOW HITPOINT WARNING * * *
The manticore claws you.
* * * LOW HITPOINT WARNING * * *
Blink to where?
Press: ? - help, Dir - move target cursor, p - manticore You are very lightly contaminated with residual magic.
As you read the scroll of blinking, it crumbles to dust.
The manticore burns!
Casting: Throw Flame (safe; 1% risk of failure)
Confirm with . or Enter, or press ? or * to list all spells.
Aiming: Conjure Flame (safe; 1% risk of failure)
Press: ? - help, Dir - move target cursor The fire ignites!
The manticore burns!
The manticore flicks its tail.
The volley of spikes hits you!
The barbed spikes become lodged in your body.
You die...

.........)).).........#
####################..#
.........#.# #.##.##..#
.#######.# .#..#..##..#
.#[#(#[#.###.#####.#..#
[#.....#.##..##.#..#..#
[[.....#...##.#..###..#
.#....(#.#..#..##.##..#
.#(#(#)#)###.###@.##..#
.#######.#.#..#§##.#..#
.........#..##..#..#..#
##############H#####..#
#..##..##.^# #..##†.#
#..# #. #..# #..# #
.##.. #..# H. ..##..#


You could see a manticore (burning).

Vanquished Creatures
  An orc knight (D:7)
  Prince Ribbit (D:6)
  Eustachio (D:4)
  Menkaure (D:5)
  Edmund (D:4)
  2 orc warriors
  2 slaves (D:6)
  2 sky beasts
  2 ice beasts
  A necrophage (D:7)
  5 phantoms
  5 ogres
  3 centaurs
  3 bullfrogs
  3 howler monkeys
  A bullfrog zombie (D:7)
  5 hounds
  A centaur zombie (D:7)
  4 orc priests
  Crazy Yiuf (D:4)
  A centaur skeleton (D:7)
  2 bullfrog skeletons
  5 orc wizards
  5 worker ants
  A killer bee zombie (D:5)
  A hound skeleton (D:5)
  8 adders
  A shadow imp (D:5)
  2 worms
  2 dart slugs
  3 leopard geckos
  29 orcs
  2 ball pythons (D:3)
  5 giant cockroaches
  3 goblins
  7 hobgoblins
  17 jackals
  8 kobolds
  A quokka (D:2)
  10 bats
  3 frilled lizards
  9 rats
170 creatures vanquished.

Vanquished Creatures (others)
  An orc (D:3)
1 creature vanquished.

Grand Total: 171 creatures vanquished

Notes
Turn   | Place    | Note
-------+----------+-------------------------------------------
     0 | D:1      | MrRokkomies the Deep Elf Fire Elementalist began the quest
                  | for the Orb.
     0 | D:1      | Reached XP level 1. HP: 10/10 MP: 6/6
   283 | D:1      | Reached XP level 2. HP: 15/15 MP: 6/8
   383 | D:1      | Reached skill level 2 in Conjurations
   790 | D:2      | Reached XP level 3. HP: 19/19 MP: 5/9
   838 | D:2      | Learned a level 3 spell: Conjure Flame
   841 | D:2      | Learned a level 2 spell: Throw Flame
  1550 | D:2      | Reached skill level 3 in Conjurations
  1896 | D:3      | Reached XP level 4. HP: 24/24 MP: 5/10
  1902 | D:3      | Learned a level 3 spell: Inner Flame
  2136 | D:3      | Found a white marble altar of Elyvilon.
  2999 | D:3      | Reached skill level 5 in Fire Magic
  3299 | D:4      | Reached XP level 5. HP: 15/28 MP: 4/11
  3486 | D:4      | Found a transporter.
  3519 | D:4      | Noticed an ogre
  3523 | D:4      | Killed an ogre
  3523 | D:4      | Reached skill level 1 in Fighting
  3523 | D:4      | Reached skill level 4 in Conjurations
  3578 | D:4      | Found a transporter.
  3579 | D:4      | Noticed a fire bat
  3582 | D:4      | Noticed a fire bat
  3588 | D:4      | Noticed an ogre
  3595 | D:4      | Killed an ogre
  3595 | D:4      | Reached XP level 6. HP: 35/35 MP: 4/12
  3872 | D:4      | Noticed Edmund
  4031 | D:4      | Found a staircase to the Ecumenical Temple.
  4069 | Temple   | Entered the Ecumenical Temple
  4132 | Temple   | Became a worshipper of Vehumet
  4278 | D:4      | Killed Edmund
  4278 | D:4      | Reached skill level 5 in Conjurations
  4430 | D:4      | Reached XP level 7. HP: 29/41 MP: 3/13
  4917 | D:4      | Found a runed translucent door.
  4918 | D:4      | Noticed Crazy Yiuf
  4926 | D:4      | Killed Crazy Yiuf
  5023 | D:4      | Noticed Eustachio
  5036 | D:4      | Killed Eustachio
  5036 | D:4      | Reached skill level 6 in Conjurations
  5348 | D:5      | Entered Level 5 of the Dungeon
  5647 | D:5      | Reached skill level 5 in Dodging
  5667 | D:5      | Reached XP level 8. HP: 37/46 MP: 14/16
  5745 | D:5      | Learned a level 4 spell: Sticky Flame
  5763 | D:5      | Noticed Menkaure
  5777 | D:5      | Killed Menkaure
  5777 | D:5      | Reached skill level 5 in Spellcasting
  6471 | D:5      | Learned a level 5 spell: Fireball
  6538 | D:6      | Noticed Prince Ribbit
  6612 | D:6      | Killed Prince Ribbit
  6995 | D:6      | Reached * piety under Vehumet
  6995 | D:6      | Offered knowledge of Freeze by Vehumet.
  7195 | D:6      | Reached XP level 9. HP: 42/50 MP: 18/23
  7252 | D:6      | Found a sacrificial altar of Ru.
  7346 | D:6      | Reached skill level 7 in Conjurations
  7495 | D:6      | Found a shimmering altar of Xom.
  7550 | D:6      | Got an ancient morningstar
  7553 | D:6      | Identified the +3 morningstar "Blob" {speed, rElec Stlth+}
                  | (You found it on level 6 of the Dungeon)
  8025 | D:7      | Reached skill level 8 in Conjurations
  8153 | D:7      | Found a transporter.
  8166 | D:7      | Found a transporter.
  8169 | D:7      | Found an ancient bone altar of Kikubaaqudgha.
  8307 | D:7      | Noticed an orc knight
  8328 | D:7      | Killed an orc knight
  8328 | D:7      | Reached skill level 9 in Conjurations
  8426 | D:7      | Upgraded the game from 0.24-a0-93-ge1bfdf8443 to
                  | 0.24-a0-106-gcea5463b43
  8694 | D:7      | Reached XP level 10. HP: 41/55 MP: 24/24
  8703 | D:7      | Noticed a manticore
  8715 | D:7      | Killed from afar by a manticore

Levels and vault maps discovered:
D:1:      scummos_arrival_hexagon, layout_basic, kennysheep_minor_cross
D:2:      layout_basic
D:3:      layout_basic, elyvilon_altar_3
D:4:      gammafunk_cloud_chamber, layout_loops_corners,
          minmay_temple_entry_stoned_glass, kennysheep_big_empty_room,
          feat_on_display, uniq_edmund, uniq_eustachio, uniq_crazy_yiuf_cottage
D:5:      layout_basic, first_ration, uniq_menkaure
D:6:      layout_cave_pods, xom_teletrap_fun, hangedman_ru_absence, uniq_pikel,
          uniq_prince_ribbit1
D:7:      layout_cave_pools, gammafunk_temple_of_torment, grunt_ogre_cave,
          minmay_the_grid_2x2 [minmay_the_grid_armoury,
          minmay_the_grid_all_tris, minmay_the_grid_minigrid_medium,
          minmay_the_grid_prize_trominoes]
Temple:   regret_index_temple_waves

Skill      XL: |  1  2  3  4  5  6  7  8  9 |
---------------+----------------------------+-----
Conjurations   | 2 3 4 5 6 9 |  9.3
Fire Magic     | 4 5 8 |  8.4
Fighting       | 2 3 |  3.0
Dodging        | 5 8 |  8.0
Spellcasting   | 4 8 |  8.0
Stealth        | |  2.4

Action                   |  1- 3 |  4- 6 |  7- 9 | 10-12 || total
-------------------------+-------+-------+-------+-------++-------
Melee: Dagger            |    20 |       |       |       ||    20
       Short sword       |    30 |    52 |       |       ||    82
       Rapier            |       |       |   163 |       ||   163
       Long sword        |       |       |     7 |       ||     7
       Staff             |       |       |    18 |       ||    18
 Fire: Fustibalus        |       |    15 |       |       ||    15
 Cast: Flame Tongue      |    55 |    77 |   126 |     8 ||   266
       Throw Flame       |    12 |     3 |    17 |     8 ||    40
       Conjure Flame     |     2 |     6 |     5 |     1 ||    14
       Inner Flame       |       |     3 |     1 |       ||     4
       Sticky Flame      |       |       |    13 |     1 ||    14
       Fireball          |       |       |     3 |       ||     3
  Use: Scroll            |     4 |     3 |     9 |     1 ||    17
       Potion            |       |     1 |       |       ||     1
 Stab: Sleeping          |     4 |     2 |     1 |       ||     7
       Distracted        |       |       |     1 |       ||     1
  Eat: Chunk             |     3 |     9 |    16 |       ||    28
Armor: Robe              |    14 |    21 |    54 |     3 ||    92
Dodge: Dodged            |    43 |    59 |   203 |    11 ||   316
Block: Other             |     5 |    11 |    33 |     3 ||    52
       Reflection        |       |     2 |       |       ||     2
       Rpst.: Long sword |       |       |     4 |       ||     4

Table legend:
 A = Non-vault XP
 B = Vault XP
 C = Vault XP percentage of total XP
 D = Non-vault monster count
 E = Vault monster count
 F = Vault count percentage of total count
                 A         B        C        D         E       F
            +---------+---------+-------+---------+---------+-------
      Total |    3526 |    2133 |  37.7 |     153 |      16 |   9.5
            +---------+---------+-------+---------+---------+-------
        D:1 |      25 |       0 |   0.0 |      16 |       0 |   0.0
        D:2 |      69 |       0 |   0.0 |      19 |       0 |   0.0
        D:3 |     101 |       0 |   0.0 |      38 |       0 |   0.0
        D:4 |     441 |     398 |  47.4 |      15 |       3 |  16.7
        D:5 |     705 |     172 |  19.6 |      16 |       1 |   5.9
        D:6 |    1139 |     259 |  18.5 |      27 |       1 |   3.6
        D:7 |    1046 |    1304 |  55.5 |      22 |      11 |  33.3
            +---------+---------+-------+---------+---------+-------
